Map: Ruins of Seras

Players

Neeb

  • Race: Protoss Protoss
  • League: Grandmaster

iaguz

  • Race: Terran Terran

Event: Team Gravity's Fight Night #39

VOD

Have the link to the VOD?

Description

Time

  • Played on: Nov. 20, 2015, 6:45 p.m.
  • Length: 4:22

All games in this series

Show
View Real Time Build Order
Export as new Build Order

Neeb Protoss 

Build Orders: 1 Gate Expand 

Get SALT Encoding   

  12  0:01  Probe (Chrono Boost)  
  13  0:12  Probe (Chrono Boost)  
  14  0:20  Pylon  
  14  0:23  Probe (Chrono Boost)  
  15  0:38  Probe (Chrono Boost)  
  15  0:42  Gateway  
  16  0:49  Probe (Chrono Boost)  
  17  0:59  Probe (Chrono Boost)  
  18  1:10  Probe (Chrono Boost)  
  19  1:17  Nexus  
  19  1:22  Probe (Chrono Boost)  
  20  1:32  Cybernetics Core  
  20  1:35  Probe (Chrono Boost)  
  21  1:40  Assimilator  
  21  1:44  Assimilator  
  21  1:49  Probe (Chrono Boost)  
  22  1:56  Pylon  
  22  1:59  Probe (Chrono Boost)  
  23  2:14  Probe (Chrono Boost), Adept (Chrono Boost)  
  26  2:20  Warp Gate  
  26  2:26  Probe  
  26  2:29  Probe (Chrono Boost)  
  28  2:38  Probe (Chrono Boost), Adept (Chrono Boost)  
  28  2:41  Probe (Chrono Boost)  
  32  2:50  Mothership Core (Chrono Boost), Pylon  
  35  2:51  Probe (Chrono Boost)  
  35  3:02  Probe (Chrono Boost)  
  36  3:08  Probe (Chrono Boost)  
  36  3:12  Probe (Chrono Boost), Robotics Facility  
  38  3:18  Probe (Chrono Boost), Assimilator  
  39  3:22  Assimilator  
  39  3:23  Probe (Chrono Boost)  
  40  3:29  Probe (Chrono Boost)  
  40  3:33  Probe (Chrono Boost)  
  42  3:37  Pylon  
  42  3:39  Probe (Chrono Boost)  
  43  3:44  Probe (Chrono Boost)  
  44  3:50  Probe (Chrono Boost)  
  44  3:54  Probe (Chrono Boost)  
  46  3:59  Observer (Chrono Boost)  
  46  4:00  Probe, Pylon  
  48  4:03  Twilight Council, Probe  
  48  4:04  Forge  
Show
View Real Time Build Order
Export as new Build Order

iaguz Terran 

Build Orders: Command Center First (CC) 

Get SALT Encoding   

  12  0:01  SCV  
  13  0:13  SCV  
  14  0:18  Supply Depot  
  14  0:25  SCV  
  15  0:39  SCV  
  16  0:52  SCV  
  17  1:01  Command Center  
  17  1:04  SCV  
  18  1:14  Barracks  
  19  1:18  SCV  
  19  1:30  SCV  
  20  1:33  Barracks  
  20  1:42  SCV  
  20  1:46  Barracks  
  21  1:54  SCV  
  22  2:03  Marine  
  22  2:07  Orbital Command  
  23  2:14  Orbital Command  
  23  2:20  Marine  
  23  2:21  Orbital Command, Marine  
  25  2:31  Refinery x2  
  25  2:33  SCV  
  25  2:34  Marine  
  27  2:42  Supply Depot  
  27  2:47  SCV x2  
  27  2:49  Marine x2  
  31  2:54  Marine  
  32  2:59  SCV x2  
  33  3:11  SCV  
  36  3:14  SCV  
  36  3:15  Barracks Tech Lab  
  36  3:19  Barracks Reactor  
  35  3:23  SCV  
  35  3:26  SCV, Marine  
  38  3:32  Refinery  
  38  3:34  Marine  
  38  3:35  SCV, Bunker  
  38  3:38  SCV  
  41  3:44  Supply Depot  
  41  3:45  Supply Depot  
  41  3:48  SCV, Engineering Bay  
  42  3:50  Barracks Tech Lab  
  42  3:51  SCV  
  42  3:57  Marine x2  
  42  3:58  Marauder  
  46  4:05  SCV x2  
  46  4:06  Factory  
  48  4:11  Supply Depot  
  50  4:17  Missile Turret  

Tags
 
Add a new tag
Caveats
  • Supply blocks, unpowered buildings, or Contaminate may cause inaccurate times.
  • Supply counts are checked every 10 seconds.